 Dungeon Crawl Stone Soup version 0.23-a0-143-g1adec7b (webtiles) character file.

14282 Ijustatesigmund the Fiendish (level 11, -12/106 HPs)
             Began as a Deep Dwarf Fighter on Sept 5, 2018.
             Was a Priest of Makhleb.
             Mangled by an ice devil (13 damage)
             ... in an ice cave on Sept 6, 2018.
             The game lasted 00:32:59 (8531 turns).

Ijustatesigmund the Fiendish (Deep Dwarf Fighter)   Turns: 8531, Time: 00:33:00

Health: -12/106    AC: 18    Str: 20    XL:     11   Next: 86%
Magic:  9/9        EV:  9    Int:  9    God:    Makhleb [***...]
Gold:   376        SH:  9    Dex: 15    Spells: 10/10 levels left

rFire    . . .     SeeInvis .   d - +8 war axe
rCold    . . .     Gourm    .   c - +0 shield
rNeg     . . .     Faith    .   b - +0 chain mail
rPois    .         Spirit   .   n - +1 helmet
rElec    .         Reflect  .   x - scarf {cloud immunity}
rCorr    .         Harm     .   v - +2 pair of gloves
MR       +....                  e - +1 pair of boots
Stlth    ..........             (no amulet)
HPRegen  0.00/turn              (no ring)
MPRegen  0.11/turn              (no ring)

@: non-regenerating
A: damage resistance, heal wounds, sense surroundings 2, no regeneration
a: Heal Wounds, Minor Destruction, Lesser Servant of Makhleb, Renounce Religion


You were in an ice cave.
You worshipped Makhleb.
Makhleb was most pleased with you.
You were not hungry.

You visited 2 branches of the dungeon, and saw 12 of its levels.
You also visited: Ice Cave.

You collected 811 gold pieces.
You spent 435 gold pieces at shops.

Inventory:

Hand Weapons
 a - the +1 hand axe "Utifesm" {flame, rPois SInv}
   (You found it on level 6 of the Dungeon)

   It has been specially enchanted to burn those struck by it, causing extra
   injury to most foes and up to half again as much damage against particularly
   susceptible opponents.
   Big, fiery blades are also staple armaments of hydra-hunters.
   It protects you from poison.
   It lets you see invisible.
 d - a +8 war axe (weapon)
 s - a +2 hand axe of chopping
Missiles
 y - 5 javelins (quivered)
 A - 12 tomahawks of dispersal
Armour
 b - a +0 chain mail (worn)
 c - a +0 shield (worn)
 e - a +1 pair of boots (worn)
 k - a +1 ring mail of cold resistance
 n - a +1 helmet (worn)
 v - a +2 pair of gloves (worn)
 x - a scarf of cloud immunity (worn)
Wands
 o - a wand of scattershot (2)
Scrolls
 g - a scroll of teleportation
 i - a scroll of amnesia
 p - a scroll of fog
 q - a scroll of fear
 u - 4 scrolls of identify
Potions
 h - a potion of magic
 j - 2 potions of cancellation
 l - 4 potions of flight
 m - 2 potions of resistance
 r - 3 potions of lignification
 w - a potion of brilliance
 B - a potion of curing
 C - 2 potions of ambrosia
Comestibles
 f - 19 rations


   Skills:
 - Level 9.5 Fighting
 + Level 10.9 Axes
 - Level 6.2 Armour
 - Level 6.9 Dodging
 + Level 3.6 Shields
 + Level 11.3 Invocations
 - Level 8.1 Evocations


You had 10 spell levels left.
You didn't know any spells.
Your spell library contained the following spells:

 Spells                   Type           Power        Failure   Level  Hunger
 Corona                   Hex            #......      100%        1    ##.....
 Magic Dart               Conj           #...         100%        1    ##.....
 Blink                    Tloc           N/A          100%        2    ###....
 Call Imp                 Summ           #.......     100%        2    ###....
 Ensorcelled Hibernation  Hex/Ice        #.....       100%        2    ###....
 Slow                     Hex            #.......     100%        2    ###....
 Confuse                  Hex            #.......     100%        3    ####...
 Conjure Flame            Conj/Fire      #.......     100%        3    ####...
 Dazzling Spray           Conj/Hex       #.....       100%        3    ####...
 Mephitic Cloud           Conj/Pois/Air  #.......     100%        3    ####...
 Tukima's Dance           Hex            #.......     100%        3    ####...


Dungeon Overview and Level Annotations

Branches:
Dungeon (11/15)            Temple (1/1) D:7            Lair (0/6) D:10
    Orc (0/2) D:9

Altars:
Ashenzari
Gozag
Hepliaklqana
Kikubaaqudgha
Makhleb
Nemelex Xobeh
Okawaru
Ru
Sif Muna
Uskayaw
Vehumet
Xom
Zin

Shops:
D:9 ?   D:10 *

Annotations:
D:6 exclusion: oklob plant
D:9 exclusion: ice statue
D:11 1 runed door, Oddysee's ghost, journeyman HOFi


Innate Abilities, Weirdness & Mutations

You are resistant to damage.
You can heal yourself by infusing magical energy.
You passively map the area around you.
You do not regenerate.


Message History

The ice devil hits you but does no damage.
The ice devil barely misses you. The ice devil hits you.
The ice devil freezes you!
You barely miss the ice devil.
The ice devil is severely wounded.
You hit the ice devil. You hit the ice devil but do no damage.
The ice devil hits you. The ice devil freezes you!!
* * * LOW HITPOINT WARNING * * *
The ice devil hits you. The ice devil freezes you!
* * * LOW HITPOINT WARNING * * *
You block the ice devil's attack.
Your magical essence is drained by the effort!
You feel much better. The ice devil hits you.
* * * LOW HITPOINT WARNING * * *
The ice devil freezes you!!
* * * LOW HITPOINT WARNING * * *
The ice devil hits you.
* * * LOW HITPOINT WARNING * * *
The ice devil freezes you!
You die...

* § , ##§§§§§.§ , ,
.§, #§§§4.§4# ,
#..####4§§...
##....§.§§§* ≈**
,........§# ≈
**#.......## ##
######.§§### .####≈ ≈
###.4.## ....######
##4@.##
.........##..)##4..##
#.#........... ###..#
######..##.... *#...#
#...## ..####..##
#...### ###...###
##....###....##
##........###
###....###


You could see 3 ice devils.

Vanquished Creatures
  3 two-headed ogres
  A death yak (D:10)
  Pikel (D:8)
  A gargoyle (D:10)
  2 ice statues (IceCv)
  4 ice devils
  A tengu conjurer (D:9)
  A troll (D:9)
  A hippogriff (D:10)
  A shadow (D:11)
  A wraith (D:10)
  11 yaks
  A vampire mosquito (D:9)
  A basilisk (D:10)
  Duvessa (D:6)
  A water moccasin (D:8)
  An acid dragon (D:9)
  9 orc warriors
  2 black bears
  3 ice beasts
  2 sky beasts
  2 phantoms
  2 slaves (D:8)
  8 ogres
  3 centaurs
  A crocodile (D:10)
  A big kobold (D:8)
  13 bullfrogs
  A gnoll sergeant (D:9)
  Dowan (D:6)
  3 scorpions (D:5)
  3 killer bees (D:8)
  3 wights (D:9)
  A howler monkey (D:5)
  3 bullfrog zombies
  8 crimson imps
  8 hounds
  14 jellies
  An orc priest (D:10)
  12 orc wizards
  4 bullfrog skeletons
  A centaur skeleton (D:9)
  2 iguanas
  9 worker ants
  A killer bee zombie (D:6)
  A hound skeleton (D:4)
  4 gnolls (D:9)
  7 adders
  5 shadow imps
  6 white imps (IceCv)
  7 ufetubi (IceCv)
  15 oozes
  An adder skeleton (D:7)
  7 worms
  4 dart slugs
  5 leopard geckos
  28 orcs
  10 bats
  4 giant cockroaches
  5 goblins
  5 hobgoblins
  8 jackals
  8 quokkas
  4 ball pythons
  4 frilled lizards
  A jackal skeleton (D:4)
  13 kobolds
  8 rats
314 creatures vanquished.

Vanquished Creatures (others)
  A slave (D:8)
  2 ufetubi (IceCv)
  6 fungi (D:6)
9 creatures vanquished.

Grand Total: 323 creatures vanquished

Notes
Turn   | Place    | Note
-------+----------+-------------------------------------------
     0 | D:1      | Ijustatesigmund the Deep Dwarf Fighter began the quest for
                  | the Orb.
     0 | D:1      | Reached XP level 1. HP: 20/20 MP: 1/1
   218 | D:1      | Reached XP level 2. HP: 26/28 MP: 2/2
   704 | D:2      | Reached XP level 3. HP: 23/34 MP: 3/3
   723 | D:2      | Reached XP level 4. HP: 20/44 MP: 4/4
   987 | D:2      | Reached XP level 5. HP: 38/50 MP: 5/5
  1270 | D:3      | Found an opulent altar of Gozag.
  2098 | D:4      | Reached skill level 5 in Axes
  2099 | D:4      | Reached XP level 6. HP: 31/60 MP: 6/6
  2157 | D:4      | Reached skill level 5 in Fighting
  2657 | D:5      | Entered Level 5 of the Dungeon
  2664 | D:5      | Reached skill level 1 in Evocations
  2764 | D:5      | Reached XP level 7. HP: 63/67 MP: 8/8
  3503 | D:6      | Noticed an oklob plant
  3547 | D:6      | Reached XP level 8. HP: 54/76 MP: 0/11
  3868 | D:6      | Noticed Duvessa
  3868 | D:6      | Noticed Dowan
  3879 | D:6      | Killed Duvessa
  3882 | D:6      | Killed Dowan
  4114 | D:6      | Got a jewelled hand axe
  4115 | D:6      | Identified the cursed +1 hand axe "Utifesm" {flame, rPois
                  | SInv} (You found it on level 6 of the Dungeon)
  4273 | D:6      | Reached skill level 5 in Armour
  4554 | D:6      | Gained mutation: You passively map the area around you.
                  | [Deep Dwarf growth]
  4554 | D:6      | Reached XP level 9. HP: 65/86 MP: 9/9
  4744 | D:7      | Found a staircase to the Ecumenical Temple.
  4750 | Temple   | Entered the Ecumenical Temple
  4770 | Temple   | Became a worshipper of Makhleb the Destroyer
  4797 | D:7      | Reached skill level 1 in Invocations
  4837 | D:7      | Found an ancient bone altar of Kikubaaqudgha.
  5058 | D:8      | Reached skill level 2 in Invocations
  5119 | D:8      | Noticed Pikel
  5154 | D:8      | Killed Pikel
  5154 | D:8      | Reached skill level 3 in Invocations
  5214 | D:8      | Reached skill level 4 in Invocations
  5216 | D:8      | Noticed a two-headed ogre
  5242 | D:8      | Killed a two-headed ogre
  5242 | D:8      | Reached skill level 5 in Invocations
  5242 | D:8      | Reached XP level 10. HP: 64/98 MP: 9/9
  5353 | D:8      | Reached skill level 10 in Axes
  5528 | D:8      | Reached skill level 6 in Invocations
  5598 | D:8      | Reached * piety under Makhleb
  5775 | D:8      | Found a faded altar of an unknown god.
  5775 | D:8      | Found a faded altar of an unknown god.
  5777 | D:8      | Noticed a two-headed ogre
  5796 | D:8      | Killed a two-headed ogre
  5802 | D:8      | Found an iron altar of Okawaru.
  5804 | D:8      | Found a radiant altar of Vehumet.
  5805 | D:8      | Found a shattered altar of Ashenzari.
  5902 | D:9      | Noticed an ice statue
  6042 | D:9      | Found Zawiubis's Magic Scroll Boutique.
  6060 | D:9      | Bought a scroll of enchant weapon for 105 gold pieces
  6060 | D:9      | Bought a scroll of remove curse for 42 gold pieces
  6132 | D:9      | Found a sacrificial altar of Ru.
  6163 | D:9      | Reached skill level 7 in Invocations
  6446 | D:9      | Reached skill level 1 in Dodging
  6448 | D:9      | Reached skill level 8 in Invocations
  6948 | D:9      | Found a staircase to the Orcish Mines.
  6987 | D:9      | Reached XP level 11. HP: 51/106 MP: 11/11
  7001 | D:9      | Reached ** piety under Makhleb
  7005 | D:9      | Reached skill level 9 in Invocations
  7395 | D:10     | Entered Level 10 of the Dungeon
  7549 | D:10     | Found Deir's General Store.
  7557 | D:10     | Bought a wand of scattershot (4) for 288 gold pieces
  7658 | D:10     | Noticed a death yak
  7660 | D:10     | Reached skill level 5 in Evocations
  7675 | D:10     | Killed a death yak
  7695 | D:10     | Reached skill level 5 in Dodging
  7704 | D:10     | Found a staircase to the Lair.
  7736 | D:10     | Reached skill level 10 in Invocations
  7923 | D:10     | Noticed a two-headed ogre
  7935 | D:10     | Killed a two-headed ogre
  7983 | D:10     | Reached *** piety under Makhleb
  8355 | D:11     | Found a runed door.
  8360 | D:11     | Noticed Oddysee's ghost (journeyman HOFi)
  8369 | D:11     | Found a frozen archway.
  8384 | D:11     | Reached skill level 11 in Invocations
  8399 | IceCv    | Entered an ice cave
  8530 | IceCv    | HP: 1/106 [ice devil (10)]
  8531 | IceCv    | Mangled by an ice devil

Vault maps used:
D:1:      dpeg_arrival_triangle_fractal, st_stairs_1
D:3:      grunt_gozag_breadcrumbs, minmay_randomly_rotated_circles
D:5:      first_ration
D:6:      lemuel_slime, kennysheep_generic_room_13, uniq_duvessa
D:7:      nicolae_overflow_hidden_temple, minmay_temple_entry_butterflies
D:8:      chequers_temple_overflow_minitemple, uniq_pikel
D:9:      minmay_opposing_rooms, kennysheep_little_box,
          kennysheep_orc_monster_closet_entryway, serial_shops, shop_statue,
          hangedman_little_slice_of_home, minmay_statue_bubble
D:10:     david_lair_generic, serial_corexii_hall, corexii_hall_statues_u,
          corexii_hall_statues_l, serial_shops, shop, corner_web_ring
D:11:     special_room, serial_shops, shop, gammafunk_ghost_grave,
          portal_ice_cave_demonic_guard, glass_columns_a
Temple:   eino_temple_scatter_basement
IceCv:    ice_cave_small_demon

Skill      XL: |  1  2  3  4  5  6  7  8  9 10 11 |
---------------+----------------------------------+-----
Fighting       | 3 4 5 6 7 8 9 |  9.5
Axes           | 3 4 5 6 8 9 10 | 10.9
Evocations     | 2 4 8 |  8.1
Armour         | 5 6 |  6.2
Invocations    | 5 8 11 | 11.3
Dodging        | 3 6 |  6.9
Shields        | |  3.6

Action                   |  1- 3 |  4- 6 |  7- 9 | 10-12 || total
-------------------------+-------+-------+-------+-------++-------
Melee: War axe           |    64 |   277 |   126 |   377 ||   844
       Hand axe          |       |       |   171 |   143 ||   314
Throw: Javelin           |       |       |       |     4 ||     4
Invok: Lesser Servant of |       |       |       |     2 ||     2
       Minor Destruction |       |       |       |     1 ||     1
 Abil: Heal Wounds       |       |     3 |     6 |    17 ||    26
Evoke: Wand              |       |     3 |    31 |     3 ||    37
  Use: Scroll            |     3 |     5 |    12 |    14 ||    34
       Potion            |       |     2 |     2 |    11 ||    15
 Stab: Paralysed         |       |     6 |     7 |       ||    13
       Confused          |       |       |     2 |       ||     2
       Invisible         |       |       |       |     2 ||     2
  Eat: Chunk             |       |     6 |     2 |     7 ||    15
       Ration            |       |       |     2 |     2 ||     4
Armor: Scale mail        |    33 |   147 |    15 |       ||   195
       Chain mail        |       |       |    85 |   250 ||   335
Dodge: Dodged            |    29 |    97 |    65 |   120 ||   311
Block: Shield            |    37 |   130 |   120 |   217 ||   504

Table legend:
 A = Non-vault XP
 B = Vault XP
 C = Vault XP percentage of total XP
 D = Non-vault monster count
 E = Vault monster count
 F = Vault count percentage of total count
                 A         B        C        D         E       F
            +---------+---------+-------+---------+---------+-------
      Total |   12282 |    8122 |  39.8 |     224 |      88 |  28.2
            +---------+---------+-------+---------+---------+-------
        D:1 |      28 |       2 |   6.7 |      14 |       2 |  12.5
        D:2 |     174 |       0 |   0.0 |      32 |       0 |   0.0
        D:3 |      91 |      11 |  10.8 |      28 |       6 |  17.6
        D:4 |     206 |       0 |   0.0 |      17 |       0 |   0.0
        D:5 |     719 |       0 |   0.0 |      17 |       0 |   0.0
        D:6 |     979 |     885 |  47.5 |      23 |      22 |  48.9
        D:7 |     740 |       0 |   0.0 |      12 |       0 |   0.0
        D:8 |    3207 |     663 |  17.1 |      26 |       1 |   3.7
        D:9 |    1495 |    2779 |  65.0 |      19 |      34 |  64.2
       D:10 |    3998 |    1446 |  26.6 |      28 |       4 |  12.5
       D:11 |     645 |     703 |  52.2 |       8 |       2 |  20.0
      IceCv |       0 |    1633 | 100.0 |       0 |      17 | 100.0
            +---------+---------+-------+---------+---------+-------
